 Dungeon Crawl Stone Soup version 0.18-a0 (webtiles) character file.

83092 Ordine the Carver (level 15, -11/111 HPs)
             Began as an Octopode Fighter on Oct 30, 2015.
             Was the Champion of Dithmenos.
             Mangled by Saint Roka
             ... wielding a +0 long sword of slicing
              (22 damage)
             ... on level 4 of the Orcish Mines.
             The game lasted 01:56:59 (35206 turns).

Ordine the Carver (Octopode Fighter)               Turns: 35206, Time: 01:56:59

Health: -11/111    AC: 12    Str: 20    XL:     15   Next: 75%
Magic:  0/24       EV: 23    Int: 12    God:    Dithmenos [******]
Gold:   1890       SH: 14    Dex: 20    Spells: 1 memorised, 13 levels left

rFire  + + .     SeeInvis .     e - +1 long sword (protect)
rCold  + . .     Clarity  .     b - +0 shield
rNeg   + . .     SustAt   .     p - +2 hat {Spirit}
rPois  +         Gourm    .     L - amulet of resist mutation
rElec  .         Spirit   +     B - ring of poison resistance
rCorr  .         Warding  .     F - ring of wizardry
rMut   +         Stasis   .     I - ring of flight
MR     ++...                    M - ring of positive energy
Stlth  +++++.....               R - ring of protection from fire
                                E - ring of protection from magic
                                s - +1 ring of evasion
                                a - ring of Mitres {rF+ rC+ MP+9 Dex+3}

@: mighty, wreathed by umbra, very resistant to hostile enchantments, quite
stealthy
A: almost no armour, amphibious, 8 rings, constrict 8, iridescent scales 1,
camouflage 1, gelatinous body 1
a: Shadow Step, Shadow Form, Renounce Religion, Evoke Flight


You were on level 4 of the Orcish Mines.
You worshipped Dithmenos.
Dithmenos was exalted by your worship.
You were not hungry.

You visited 4 branches of the dungeon, and saw 24 of its levels.

You collected 2614 gold pieces.
You spent 724 gold pieces at shops.

Inventory:

Hand Weapons
 e - a +1 long sword of protection (weapon)
 N - a +3 scimitar
Missiles
 g - 8 needles of frenzy
 m - 67 poisoned needles
 A - 34 tomahawks (quivered)
Armour
 b - a +0 shield (worn)
 p - a +2 hat of spirit shield (worn)
Jewellery
 a - the ring of Mitres (on tentacle) {rF+ rC+ MP+9 Dex+3}
   (You found it on level 8 of the Lair of Beasts)

   [ring of protection from cold]

   It affects your dexterity (+3).
   It protects you from fire.
   It protects you from cold.
   It affects your magic capacity (+9).
 s - a +1 ring of evasion (on tentacle)
 B - a ring of poison resistance (left tentacle)
 E - a ring of protection from magic (on tentacle)
 F - a ring of wizardry (right tentacle)
 I - a ring of flight (on tentacle)
 L - an amulet of resist mutation (around mantle)
 M - a ring of positive energy (on tentacle)
 R - a ring of protection from fire (on tentacle)
Wands
 C - a wand of polymorph (0)
 O - a wand of cold (3)
Scrolls
 l - 8 scrolls of remove curse
 u - 3 scrolls of fog
 w - 5 scrolls of fear
 y - 6 scrolls of teleportation
 G - a scroll of amnesia
 J - 2 scrolls of enchant weapon
 K - 6 scrolls of enchant armour
Potions
 i - 2 potions of flight
 k - 2 potions of haste
 o - 7 potions of curing
 t - 4 potions of agility
 x - a potion of cancellation
 D - a potion of resistance
Books
 n - a book of Cantrips

   Spells                             Type                      Level
   a - Corona                         Hexes                        1
   b - Animate Skeleton               Necromancy                   1
   c - Summon Small Mammal            Summoning                    1
   d - Apportation                    Translocation                1
 q - a book of Battle

   Spells                             Type                      Level
   a - Infusion                       Charms                       1
   b - Shroud of Golubria             Charms/Translocation         2
   c - Song of Slaying                Charms                       2
   d - Spectral Weapon                Hexes/Charms                 3
   e - Regeneration                   Charms/Necromancy            3
 v - a book of Geomancy

   Spells                             Type                      Level
   a - Sandblast                      Earth                        1
   b - Stoneskin                      Transmutation/Earth          2
   c - Passwall                       Transmutation/Earth          3
   d - Stone Arrow                    Conjuration/Earth            3
   e - Petrify                        Transmutation/Earth          4
   f - Lee's Rapid Deconstruction     Earth                        5
Comestibles
 d - 12 bread rations
 f - 18 beef jerkies
 h - 18 fruits
 j - 5 meat rations
 r - a slice of pizza
 z - 8 royal jellies
 H - 10 chunks of flesh


   Skills:
 - Level 13.4 Fighting
 - Level 14.0 Long Blades
 - Level 10.0 Throwing
 - Level 11.0 Dodging
 + Level 13.6 Shields


You had 13 spell levels left.
You knew the following spells:

 Your Spells              Type           Power        Failure   Level  Hunger
a - Corona                Hex            #......      16%         1    ##.....


Dungeon Overview and Level Annotations

Branches:
Dungeon (11/15)            Temple (1/1) D:7            Lair (8/8) D:11
  Swamp (0/4) Lair:3        Snake (0/4) Lair:5        Slime (0/6) Lair:6
    Orc (4/4) D:11            Elf (0/3) Orc:4

Altars:
Ashenzari
Cheibriados
Dithmenos
Elyvilon
Fedhas
Gozag
Kikubaaqudgha
Makhleb
Nemelex Xobeh
Okawaru
Qazlal
Ru
Sif Muna
Trog
Vehumet
Xom
Yredelemnul
Zin
The Shining One
Beogh

Shops:
D:7 [!:[}   Orc:1 }   Orc:4 }[

Annotations:
D:2 dig
D:11 timez0r's ghost, journeyman MiBe
Orc:4 Saint Roka


Innate Abilities, Weirdness & Mutations

You cannot wear most types of armour.
You are amphibious.
You can wear up to eight rings at the same time.
You can use your tentacles to constrict eight enemies at once.
Your skin changes colour to match your surroundings (Stealth).
Your rubbery body absorbs attacks (AC +1).
You are partially covered in iridescent scales (AC +4).


Message History

Drink which item? (? for menu, Esc to quit)
You feel better.
You constrict Saint Roka. The orc warrior completely misses you.
Saint Roka mumbles some strange prayers to Beogh against you.
Something smites you!
* * * LOW HITPOINT WARNING * * *
You emit a cloud of dark smoke.
Unknown command.
You slice Saint Roka!!
You squeeze Saint Roka, but do no damage.
Saint Roka is severely wounded.
Your shadow hits Saint Roka with a long sword.
You constrict Saint Roka.
Saint Roka shouts!
You slash Saint Roka!
Saint Roka is severely wounded.
Your shadow hits Saint Roka but does no damage.
You constrict Saint Roka.
Saint Roka hits you with a long sword of slicing!!
You die...

....##...###.#..#.).##.##)..#.#..
.....#....##.#####'###.###'##.'.†
.....##...##.......#..........#..
#.....#...#####....#.##'##....###
#.....##[)##..#....#.#.))#...[#..
#......#...#..'......#...#....'..
##.........#..#.####.#####.####..
.##........####§#§[#.=..).....###
.8...8...8.####o@§§#....)####.##8
.(((.(()...[[.§o#§§#..⌠..#?)#).'.
.8..(8...8.####§####...[.#..'.##8
.##.....o..####..........#..#.###
##.........#.)####.#####.####.#..
#......#)..#..'....#.[.#......'.[
#.....##..##..#....#)..#.######..
#.....#...#####.)..##'##.# ######
.....##.).##.............###.# #


You could see Saint Roka and an orc warrior (frenzied).

Vanquished Creatures
  A stone giant (Orc:3)
  Snorg (D:11)
  Josephine (Lair:5)
  7 hydras
  Erica (D:8)
  Erolcha (D:8)
  3 catoblepae (Lair:8)
  18 death yaks
  A queen ant (Lair:7)
  2 unseen horrors (D:11)
  3 hill giants (D:10)
  3 orc knights (Orc:4)
  An ugly thing (D:11)
  2 griffons
  An oklob plant (Lair:6)
  5 orc sorcerers
  A moth of wrath (Lair:5)
  2 cyclopes
  6 elephants (Lair:8)
  15 spiny frogs
  7 black mambas
  2 manticores
  10 komodo dragons
  3 fire drakes
  3 two-headed ogres (Orc:4)
  5 trolls
  A polar bear (Lair:8)
  Grinder (D:3)
  23 blink frogs
  3 boulder beetles (Lair:8)
  67 yaks
  A deep elf mage (D:11)
  2 shadows (D:11)
  A wyvern (Lair:7)
  Grum (D:10)
  3 basilisks
  3 wraiths (Lair:5)
  A steam dragon (D:8)
  13 wolves
  9 wargs
  Menkaure (D:7)
  14 hippogriffs
  3 hungry ghosts
  11 soldier ants
  Duvessa (D:7)
  A swamp drake (Lair:3)
  14 water moccasins
  3 ice beasts
  3 sky beasts
  7 porcupines
  2 black bears
  18 ogres
  2 necrophages (D:11)
  2 phantoms (D:8)
  2 spiders (D:8)
  29 orc warriors
  5 centaurs
  12 crocodiles
  2 big kobolds
  A wyvern zombie (D:9)
  20 giant frogs
  Dowan (D:7)
  6 scorpions
  A water moccasin skeleton (D:4)
  6 killer bees (D:11)
  8 wights
  2 electric eels
  3 giant frog zombies
  2 crimson imps (D:7)
  37 orc wizards
  3 jellies
  A quasit (D:10)
  2 giant frog skeletons (D:11)
  2 hounds
  28 orc priests
  4 centaur skeletons
  4 iguanas
  2 hell rats (Lair:1)
  28 sheep
  28 worker ants
  2 hound zombies
  A hound skeleton (D:4)
  A gnoll (D:2)
  A worker ant zombie (D:7)
  10 adders
  55 river rats
  A shadow imp (D:8)
  An ooze (D:6)
  2 worms (D:2)
  5 giant geckos
  239 orcs
  14 bats
  6 hobgoblins
  5 jackals
  4 quokkas
  A ball python (D:2)
  A giant cockroach (D:4)
  A giant gecko zombie (D:5)
  3 giant newts
  8 goblins
  18 kobolds
  16 rats
  A bush (Lair:4)
  4 fungi (D:11)
  3 plants (Lair:8)
958 creatures vanquished.

Vanquished Creatures (others)
  An orc wizard (D:5)
  2 bushes
  37 fungi
  51 plants
91 creatures vanquished.

Grand Total: 1049 creatures vanquished

Notes
Turn   | Place    | Note
--------------------------------------------------------------
     0 | D:1      | Ordine the Octopode Fighter began the quest for the Orb.
     0 | D:1      | Reached XP level 1. HP: 16/16 MP: 1/1
     2 | D:1      | Noticed a minotaur
     2 | D:1      | Noticed a demigod
     4 | D:1      | Noticed a vine stalker
     4 | D:1      | Noticed an elf
     6 | D:1      | Noticed a troll
     6 | D:1      | Noticed a merfolk
     8 | D:1      | Noticed a vampire
    10 | D:1      | Noticed a centaur
    10 | D:1      | Noticed a spriggan
    12 | D:1      | Noticed an ogre
    14 | D:1      | Noticed a dwarf
    16 | D:1      | Noticed a formicid
    18 | D:1      | Noticed a felid
    18 | D:1      | Noticed a demonspawn
    20 | D:1      | Noticed a gargoyle
    20 | D:1      | Noticed a ghoul
    22 | D:1      | Noticed a naga
    22 | D:1      | Noticed an octopode
    24 | D:1      | Noticed a draconian
    26 | D:1      | Noticed a human
    26 | D:1      | Noticed a tengu
   164 | D:1      | Found a sparkling altar of Nemelex Xobeh.
   234 | D:1      | Reached XP level 2. HP: 21/21 MP: 2/2
   901 | D:2      | Reached XP level 3. HP: 26/26 MP: 3/3
  1181 | D:2      | Found a shimmering altar of Xom.
  1339 | D:2      | Reached XP level 4. HP: 28/31 MP: 4/4
  1558 | D:2      | Found a deep blue altar of Sif Muna.
  2200 | D:3      | Found a snail-covered altar of Cheibriados.
  2239 | D:3      | Reached skill level 4 in Long Blades
  2351 | D:3      | Reached XP level 5. HP: 30/37 MP: 5/5
  2745 | D:3      | Found a sparkling altar of Nemelex Xobeh.
  2932 | D:3      | Noticed Grinder
  2938 | D:3      | Killed Grinder
  2938 | D:3      | Reached skill level 5 in Long Blades
  2938 | D:3      | Reached XP level 6. HP: 29/45 MP: 6/6
  3400 | D:3      | Found a glowing golden altar of the Shining One.
  3431 | D:3      | Reached skill level 5 in Fighting
  3431 | D:3      | Reached skill level 6 in Long Blades
  3431 | D:3      | Reached XP level 7. HP: 31/50 MP: 7/7
  3563 | D:3      | Found a stormy altar of Qazlal.
  4582 | D:4      | Found a sacrificial altar of Ru.
  5120 | D:4      | Found a blossoming altar of Fedhas.
  5213 | D:5      | Entered Level 5 of the Dungeon
  5240 | D:5      | Reached skill level 7 in Long Blades
  5479 | D:5      | Reached XP level 8. HP: 48/57 MP: 8/8
  5800 | D:5      | Found an ancient bone altar of Kikubaaqudgha.
  5888 | D:6      | Reached skill level 8 in Long Blades
  6534 | D:6      | Found an opulent altar of Gozag.
  6596 | D:6      | Found a white marble altar of Elyvilon.
  6964 | D:7      | Noticed Menkaure
  6971 | D:7      | Killed Menkaure
  6971 | D:7      | Reached skill level 9 in Long Blades
  7014 | D:7      | Found Lodeibuf's Antique Armour Shop.
  7041 | D:7      | Found a staircase to the Ecumenical Temple.
  7052 | Temple   | Entered the Ecumenical Temple
  7359 | D:7      | Found Xaosulu's Gadget Boutique.
  7370 | D:7      | Reached XP level 9. HP: 41/63 MP: 5/9
  7577 | D:7      | Noticed Duvessa
  7578 | D:7      | Noticed Dowan
  7601 | D:7      | Killed Duvessa
  7604 | D:7      | Killed Dowan
  7799 | D:7      | Found Vemutup's Book Emporium.
  7930 | D:7      | Reached skill level 5 in Shields
  8001 | D:7      | Found Laeplot's Distillery.
  8015 | D:7      | Reached skill level 10 in Long Blades
  8266 | D:7      | Bought a potion of heal wounds for 60 gold pieces
  8266 | D:7      | Bought a potion of poison for 12 gold pieces
  8266 | D:7      | Bought a potion of degeneration for 12 gold pieces
  8352 | D:7      | Found Nuzxiz's Armour Emporium.
  8828 | D:8      | Noticed Erica
  8840 | D:8      | Killed Erica
  8840 | D:8      | Reached skill level 11 in Long Blades
  8840 | D:8      | Reached XP level 10. HP: 71/73 MP: 10/10
  8890 | D:8      | Found a shadowy altar of Dithmenos.
  8921 | D:8      | Became a worshipper of Dithmenos the Shadowed
  9294 | D:8      | Noticed Erolcha
  9323 | D:8      | Killed Erolcha
  9679 | D:9      | Found a glowing silver altar of Zin.
  9879 | D:9      | Found a roughly hewn altar of Beogh.
  9892 | D:9      | Reached skill level 12 in Long Blades
 10199 | D:9      | Reached * piety under Dithmenos
 10670 | D:10     | Entered Level 10 of the Dungeon
 10875 | D:10     | Reached XP level 11. HP: 21/81 MP: 2/11
 11002 | D:10     | Noticed a hill giant
 11024 | D:10     | Killed a hill giant
 11024 | D:10     | Reached skill level 13 in Long Blades
 11179 | D:10     | Reached skill level 10 in Fighting
 11308 | D:10     | Reached ** piety under Dithmenos
 11330 | D:10     | Noticed a hill giant
 11467 | D:10     | Noticed Grum
 11492 | D:10     | Killed Grum
 11956 | D:10     | Killed a hill giant
 12384 | D:7      | Bought a book of Cantrips for 220 gold pieces
 12386 | D:7      | Learned a level 1 spell: Corona
 12637 | D:11     | Noticed an unseen horror
 13130 | D:11     | Noticed a hill giant
 13142 | D:10     | Killed a hill giant
 13142 | D:10     | Reached skill level 14 in Long Blades
 13564 | D:11     | Found a staircase to the Lair.
 13662 | D:11     | Noticed an unseen horror
 13673 | D:11     | Killed an unseen horror
 14033 | D:11     | Reached XP level 12. HP: 90/90 MP: 12/12
 14214 | D:10     | Reached *** piety under Dithmenos
 14696 | D:11     | Noticed timez0r's ghost (journeyman MiBe)
 14876 | D:11     | Found a staircase to the Orcish Mines.
 15047 | Lair:1   | Entered Level 1 of the Lair of Beasts
 16276 | Lair:2   | Noticed a six-headed hydra
 16332 | Lair:1   | Reached skill level 5 in Dodging
 16924 | Lair:2   | Reached **** piety under Dithmenos
 17214 | D:7      | Bought a potion of beneficial mutation for 420 gold pieces
 17214 | D:7      | Gained mutation: You are partially covered in iridescent scales (AC +4). [potion of beneficial mutation]
 17285 | D:11     | Killed an unseen horror
 17796 | Lair:3   | Found a frozen archway.
 18206 | Lair:3   | Reached XP level 13. HP: 97/97 MP: 13/13
 18209 | Lair:3   | Found a staircase to the Swamp.
 19195 | Lair:4   | Reached skill level 10 in Shields
 20302 | Lair:5   | Found a staircase to the Snake Pit.
 20312 | Lair:5   | Noticed Nessos
 20415 | Lair:5   | Noticed Josephine
 20997 | Lair:5   | Killed Josephine
 21185 | Lair:5   | Reached ***** piety under Dithmenos
 21519 | Lair:5   | Noticed Nessos
 21519 | Lair:5   | Nessos changed into Nessos the moth of wrath
 21524 | Lair:5   | Killed Nessos the moth of wrath
 22952 | Lair:7   | Got a slimy quarterstaff
 22958 | Lair:7   | Identified the +6 quarterstaff of Zaschuto {pain, rN++ Int-4} (You found it on level 7 of the Lair of Beasts)
 23323 | Lair:7   | Reached skill level 10 in Dodging
 23336 | Lair:7   | Got an ichor-stained morningstar
 23385 | Lair:7   | Identified the +1 morningstar "Jiodiut" {pain, Dex+4} (You found it on level 7 of the Lair of Beasts)
 23768 | Lair:7   | Reached XP level 14. HP: 106/106 MP: 14/14
 24462 | Lair:8   | Entered Level 8 of the Lair of Beasts
 24496 | Lair:8   | Reached skill level 1 in Throwing
 25177 | Lair:8   | Reached skill level 5 in Throwing
 25531 | Lair:8   | Reached ****** piety under Dithmenos
 27075 | Lair:8   | Got a faintly glowing lead ring
 27076 | Lair:8   | Identified the ring of Mitres {rF+ rC+ MP+9 Dex+3} (You found it on level 8 of the Lair of Beasts)
 27650 | Lair:8   | Got a fine flail
 27651 | Lair:8   | Identified the +7 flail of Woe {crush, Str+2} (You found it on level 8 of the Lair of Beasts)
 28056 | Lair:7   | Reached skill level 10 in Throwing
 28442 | Lair:8   | Reached XP level 15. HP: 111/111 MP: 15/15
 29383 | Lair:6   | Found a staircase to the Slime Pits.
 29730 | Lair:2   | Killed a six-headed hydra
 30647 | Orc:1    | Entered Level 1 of the Orcish Mines
 30652 | Orc:1    | Noticed Snorg
 30878 | D:11     | Killed Snorg
 31232 | Orc:1    | Found Taessino's Gadget Emporium.
 33041 | Orc:4    | Entered Level 4 of the Orcish Mines
 34205 | Orc:4    | Found a roughly hewn altar of Beogh.
 34334 | Orc:4    | Found Pukid's Armour Boutique.
 34357 | Orc:4    | Found Omoc's Gadget Shop.
 34553 | Orc:4    | Found a staircase to the Elven Halls.
 34652 | Orc:4    | Got a coiled granite ring
 34913 | Orc:4    | Noticed Saint Roka
 35035 | Orc:4    | Identified the ring "Arghaasah" {rPois rC+ Str+2 Int+4 Dex-5} (You took it off an orc on level 4 of the Orcish Mines)
 35206 | Orc:4    | Mangled by Saint Roka

Vault maps used:
D:1:      kb_arrival_jail, nemelex_xobeh_ov_fountains_minmay
D:2:      tgw_xom, led_sif_pool, first_bread, minmay_surrounded
D:3:      overflow_temple_1_default, marbit_many_paths, lemuel_round_altar,
          tso_altar, uniq_grinder
D:4:      nicolae_ru_sacrificial_ziggurat, dk_vineyard_1, fedhas_altar_3
D:5:      lemuel_doored_altar
D:6:      elyvilon_altar_5, lemuel_crystal_altar
D:7:      minmay_temple_entry_glassed_door, serial_shops, shop, shop_statue,
          nicolae_shop_trees, shop, nicolae_shop_stone, uniq_menkaure,
          uniq_duvessa
D:8:      nicolae_overflow_crystal_walls, hangedman_pestilent_swarm,
          serial_bayou_pond_a, nicolae_water_bricks, uniq_erica, uniq_erolcha
D:9:      lemuel_round_altar, special_room
D:10:     serial_park_tiny_2, minmay_splitting_lines, uniq_grum
D:11:     due_lair_maze_entry_diamond
Temple:   hc_temple_tempest_star
Lair:1:   kennysheep_rathole, st_stairs_11, bh_autumn_forest_stairs
Lair:2:   serial_bayou_crossing
Lair:3:   swamp_mist, portal_ice_cave_entry_pillars_03, st_stairs_9
Lair:4:   beast_lair_carwin_11
Lair:5:   dummy_snake_entry, uniq_josephine, uniq_nessos
Lair:6:   minmay_slime_entry_oklob_enclosed
Lair:7:   minmay_another_anthill
Lair:8:   evilmike_catoblepas_cave
Orc:1:    serial_shops, shop_coins, uniq_snorg
Orc:2:    nooodl_orcs_dogs
Orc:3:    nicolae_orc_pool_cavern
Orc:4:    pubby_orc_utopia

Action                   |  1- 3 |  4- 6 |  7- 9 | 10-12 | 13-15 || total
-------------------------+-------+-------+-------+-------+-------++-------
Melee: Long sword        |    67 |    61 |   281 |   906 |  1644 ||  2959
       Scimitar          |       |       |       |       |   355 ||   355
Throw: Tomahawk          |       |       |     6 |     1 |    88 ||    95
       Throwing net      |       |       |       |     1 |     3 ||     4
       Javelin           |       |       |       |       |    17 ||    17
 Cast: Corona            |       |       |       |    19 |       ||    19
Evoke: Wand              |       |       |       |       |     5 ||     5
  Use: Scroll            |     3 |     6 |     7 |    13 |     7 ||    36
       Potion            |       |     1 |     3 |    11 |     6 ||    21
 Stab: Sleeping          |     7 |     8 |     9 |    13 |    39 ||    76
       Invisible         |       |       |     5 |       |       ||     5
       Distracted        |       |       |       |     2 |     6 ||     8
       Held in net/web   |       |       |       |     1 |     2 ||     3
       Petrifying        |       |       |       |       |     1 ||     1
  Eat: Chunk             |     2 |     6 |    24 |    36 |    46 ||   114
       Fruit             |       |       |       |     2 |     4 ||     6
       Meat ration       |       |       |       |     1 |       ||     1
       Royal jelly       |       |       |       |       |     2 ||     2
       Pizza             |       |       |       |       |     2 ||     2
